 Dungeon Crawl Stone Soup version 0.29-a0-371-g91724d5b39 (webtiles) character file.

Game seed: 12894668721440917716

70 xaos the Stinger (level 4, 0/32 HPs)
             Began as a Human Wanderer on May 2, 2022.
             Was an Initiate of Yredelemnul.
             Slain by an orc
             ... wielding a +0 short sword
              (2 damage)
             ... on level 3 of the Dungeon on May 3, 2022.
             The game lasted 00:10:20 (3063 turns).

xaos the Stinger (Human Wanderer)                   Turns: 3063, Time: 00:10:21

Health: 0/32       AC: 10    Str: 13    XL:     4   Next: 44%
Magic:  5/5        EV:  2    Int: 12    God:    Yredelemnul [......]
Gold:   94         SH:  4    Dex: 14    Spells: 4/5 levels left

rFire   . . .      SeeInvis .   a - +0 falchion
rCold   . . .      Faith    .   b - +0 buckler
rNeg    . . .      Spirit   .   i - +0 plate armour
rPois   .          Reflect  .   (no helmet)
rElec   .          Harm     .   (no cloak)
rCorr   .          Rampage  .   (no gloves)
Will    .....                   (no boots)
Stlth   ..........              (no amulet)
HPRegen 0.10/turn               (no ring)
MPRegen 0.09/turn               (no ring)

@: no status effects
A: no striking features
a: Renounce Religion, Recall Undead Harvest


You were on level 3 of the Dungeon.
You worshipped Yredelemnul.
Yredelemnul was noncommittal.
You visited 1 branch of the dungeon, and saw 3 of its levels.

You collected 94 gold pieces.

Inventory:

Hand Weapons
 a - a +0 falchion (weapon)
 e - a +0 spear
 l - a +0 short sword
 q - a +0 hunting sling
Missiles
 f - 90 stones (quivered)
 g - 5 poisoned darts
 r - 4 large rocks
Armour
 b - a +0 buckler (worn)
 d - a +0 robe
 i - a +0 plate armour (worn)
 x - the +1 robe of the Gravedigger {rF- Str+6 Archmagi}
   (You found it on level 2 of the Dungeon)

   Str:       It affects your strength (+6).
   rF:        It makes you vulnerable to fire.
   Archmagi:  It increases the power of your magical spells.
Magical Staves
 v - a staff of fire
Scrolls
 c - 3 scrolls of fog
 j - a scroll of holy word {unknown}
 m - 2 scrolls of amnesia {unknown}
 n - a scroll of enchant weapon {unknown}
 p - a scroll of vulnerability {unknown}
 u - 4 scrolls of identify {unknown}
 y - 2 scrolls of magic mapping {unknown}
Potions
 h - 3 potions of might {unknown}
 k - a potion of ambrosia {unknown}
 o - a potion of resistance {unknown}
 s - a potion of haste {unknown}
 t - 2 potions of mutation {unknown}
 w - 2 potions of brilliance {unknown}
 z - 2 potions of cancellation {unknown}


   Skills:
 + Level 1.6 Fighting
 + Level 2.3 Long Blades
 + Level 1.1 Armour
 + Level 0.1 Dodging
 + Level 1.0 Stealth
 + Level 1.4 Shields
 + Level 1.0 Spellcasting
 + Level 4.8 Poison Magic


You had 4 spell levels left.
You knew the following spells:

 Your Spells              Type           Power      Damage    Failure   Level
a - Sting                 Tmut/Pois      24%        1d4       100%        1

Your spell library contained the following spells:

 Spells                   Type           Power      Damage    Failure   Level
 Poisonous Vapours        Pois/Air       12%        N/A       100%        2
 Static Discharge         Conj/Air       0%         N/A       100%        2
 Mephitic Cloud           Conj/Pois/Air  4%         N/A       100%        3
 Lightning Bolt           Conj/Air       0%         1d11      100%        5
 Maxwell's Capacitive Co  Air            0%         ∞         100%        8


Dungeon Overview and Level Annotations

Branches:
Dungeon (3/15)

Altars:
Yredelemnul


Message History

A puff of flame appears from out of thin air!
The puff of flame hits you. The orc hits you but does no damage. x2
Your orc zombie barely misses something.
You closely miss the orc.
The orc is moderately wounded.
Something hits you but does no damage. The orc hits you with a +0 short sword.
The orc hits you but does no damage.
Your orc zombie misses something.
The orc hits your orc zombie with a +0 short sword.
Your orc zombie is destroyed!
Something hits you but does no damage.
You barely miss something.
The orc seems less drained.
You block something's attack. The orc hits you but does no damage.
You barely miss the orc.
The orc is heavily wounded.
An orc wizard appears from thin air!
Reactivating autopickup.
The orc hits you with a +0 whip. The orc hits you with a +0 short sword.
The orc hits you but does no damage.
The orc wizard hits you but does no damage.
You hit the orc.
The orc is almost dead.
The orc hits you with a +0 short sword.
* * * LOW HITPOINT WARNING * * *
The orc hits you with a +0 whip.
* * * LOW HITPOINT WARNING * * *
The orc wizard hits you but does no damage.
The orc hits you but does no damage.
You barely miss the orc wizard. The orc hits you with a +0 whip.
* * * LOW HITPOINT WARNING * * *
The orc hits you but does no damage.
The orc wizard hits you with a +0 dagger.
* * * LOW HITPOINT WARNING * * *
The orc hits you but does no damage.
You barely miss the orc.
The orc is heavily wounded.
The orc barely misses you. The orc hits you but does no damage.
The orc wizard gestures at you while chanting.
You resist with some effort. The orc hits you with a +0 short sword.
You die...
Your body rises from the dead as a mindless zombie.

############## ####............#
#...............#####
########...............'....
#.####.....##...............##.##
.....'.....')..oo........>#.##.#
....o#.....##..o@.##.#..###....#
#.##.#.....##...o.##.#..###..#.#
# #.#........##........#......#
#.#.......................####
#.#........##.#...#..#.##.##..
..#........##.#.#.........##.#
#.#........##+#..............#
.......# ................
.......#......#.#


You could see an orc wizard and 3 orcs.

Vanquished Creatures
  An adder (D:2)
  A dart slug (D:2)
  An orc (D:3)
  5 ball pythons
  A bat (D:1)
  3 endoplasms
  A goblin (D:1)
  A hobgoblin (D:1)
  A kobold (D:1)
  A quokka (D:2)
16 creatures vanquished.

Vanquished Creatures (collateral kills)
  An adder (D:2)
  2 worms
  3 bats (D:1)
  An endoplasm (D:1)
  A giant cockroach (D:2)
  2 goblins (D:2)
  2 hobgoblins
  2 quokkas (D:1)
  2 ball pythons (D:2)
  A frilled lizard (D:2)
  3 kobolds
  4 rats
24 creatures vanquished.

Vanquished Creatures (others)
  An adder zombie (D:1)
  A bat zombie (D:1)
  4 ball python zombies
  2 giant cockroach zombies
  2 hobgoblin zombies
  A kobold zombie (D:2)
  An orc zombie (D:3)
  A rat zombie (D:2)
  A spectral endoplasm (D:3)
  7 demonic plants (D:1)
  4 fungi (D:1)
  5 plants (D:1)
  5 withered plants (D:1)
35 creatures vanquished.

Grand Total: 75 creatures vanquished

Notes
Turn   | Place    | Note
-------+----------+-------------------------------------------
     0 | D:1      | xaos the Human Wanderer began the quest for the Orb.
     0 | D:1      | xaos set off with the following items: a +0 falchion, a +0
                  | buckler, a scroll of fog, a +0 robe; and the following
                  | spell memorised: Sting; and the following spells available
                  | to memorise: Poisonous Vapours, Mephitic Cloud
     0 | D:1      | Reached XP level 1. HP: 15/15 MP: 2/2
    44 | D:1      | Found a faded altar of an unknown god.
   242 | D:1      | Prayed at the altar of an unknown god.
   242 | D:1      | Became a worshipper of Yredelemnul the Dark
   242 | D:1      | Reached * piety under Yredelemnul
   434 | D:1      | Reached XP level 2. HP: 21/21 MP: 3/3
   873 | D:1      | Reached ** piety under Yredelemnul
  1458 | D:1      | Reached XP level 3. HP: 26/26 MP: 4/4
  2102 | D:2      | Reached XP level 4. HP: 29/32 MP: 5/5
  2161 | D:2      | Reached skill level 1 in Armour
  2475 | D:2      | Identified the +1 robe of the Gravedigger {rF- Str+6
                  | Archmagi}
  3063 | D:3      | Slain by an orc

Illustrated notes

Levels and vault maps discovered:
D:1:      minmay_arrival_four_circles, layout_loops_ring,
          shapermc_ecumenical_altar_gd, minmay_misc_feat_columns,
          chequers_serial_rivers_small_3
D:2:      layout_basic
D:3:      layout_basic

Skill      XL: |  1  2  3  4 |
---------------+-------------+-----
Armour         | 1 |  1.1
Fighting       | |  1.6
Long Blades    | |  2.3
Dodging        | |  0.1
Stealth        | |  1.0
Shields        | |  1.4
Spellcasting   | |  1.0
Poison Magic   | |  4.8

Action                   |  1- 3 |  4- 6 || total
-------------------------+-------+-------++-------
Melee: Falchion          |    48 |    53 ||   101
Throw: Stone             |     2 |       ||     2
Armor: Robe              |     6 |       ||     6
       Plate armour      |    53 |    54 ||   107
Dodge: Dodged            |    26 |     4 ||    30
Block: Buckler           |    25 |     9 ||    34

Table legend: (Time is in decaauts)
 A = Elapsed time spent in this place.
 B = Non-inter-level travel time spent in this place.
 C = Inter-level travel time spent in this place.
 D = Time resting spent in this place.
 E = Time spent auto-exploring this place.
 F = Levels seen in this place.
 G = Mean time per level.
                   A        B        C        D        E       F      G
               +--------+--------+--------+--------+--------+-----+--------+
         Total |   3096 |   3096 |      0 |   1363 |    570 |   3 | 1032.0 |
       Dungeon |   3096 |   3096 |      0 |   1363 |    570 |   3 | 1032.0 |
               +--------+--------+--------+--------+--------+-----+--------+

Top non-repeatable levels by time:
     D:1: 1686 daAuts
     D:2: 934 daAuts
     D:3: 476 daAuts
